 Dungeon Crawl Stone Soup version 0.28.0 (webtiles) character file.

Game seed: 6070774801234976827

976 Akaron the Covert (level 8, -4/52 HPs)
             Began as an Octopode Brigand on Feb 13, 2022.
             Was an Initiate of Dithmenos.
             Slain by Duvessa (6 damage)
             ... on level 6 of the Dungeon.
             The game lasted 00:07:19 (6756 turns).

Akaron the Covert (Octopode Brigand)                Turns: 6756, Time: 00:07:20

Health: -4/52      AC:  1    Str: 10    XL:     8   Next: 16%
Magic:  8/8        EV: 15    Int: 14    God:    Dithmenos [......]
Gold:   131        SH:  0    Dex: 21    Spells: 7/7 levels left

rFire   + . .      SeeInvis .   a - +2 dagger
rCold   . . .      Faith    .   (no shield)
rNeg    . . .      Spirit   .   (helmet restricted)
rPois   +          Reflect  .   (no amulet)
rElec   .          Harm     .   v - ring of poison resistance
rCorr   .          Rampage  .   k - ring of protection from fire
Will    .....                   x - +6 ring of dexterity
Stlth   +++.......              (no ring)
HPRegen 0.17/turn               (no ring)
MPRegen 0.11/turn               (no ring)
                                (no ring)
                                (no ring)

@: lit by a corona, glowing
A: almost no armour, amphibious, 8 rings, camouflage 1, gelatinous body 1,
(nimble swimmer 1), tentacles
a: Renounce Religion


You were on level 6 of the Dungeon.
You worshipped Dithmenos.
Dithmenos was noncommittal.
You visited 1 branch of the dungeon, and saw 6 of its levels.

You collected 131 gold pieces.

Inventory:

Hand Weapons
 a - a +2 dagger (weapon)
 n - a +0 long sword
Missiles
 b - 12 poisoned darts (quivered)
 c - 2 curare-tipped darts
Jewellery
 k - a ring of protection from fire (right tentacle)
 v - a ring of poison resistance (left tentacle)
 x - a +6 ring of dexterity (on tentacle)
 y - a ring of magical power
Scrolls
 d - 2 scrolls of enchant armour
 f - a scroll of brand weapon {unknown}
 g - 2 scrolls of fear {unknown}
 h - a scroll of enchant weapon {unknown}
 m - 2 scrolls of blinking
 q - 2 scrolls of teleportation {unknown}
 r - a scroll of silence {unknown}
Potions
 e - a potion of might {unknown}
 i - 3 potions of curing
 j - 2 potions of flight
 l - a potion of heal wounds {unknown}
 o - a potion of berserk rage {unknown}
 p - 2 potions of magic
 s - a potion of ambrosia {unknown}
 t - a potion of resistance {unknown}
 u - a potion of lignification {unknown}
 w - a potion of brilliance {unknown}


   Skills:
 + Level 3.3 Fighting
 + Level 5.3 Short Blades
 + Level 3.1 Throwing
 + Level 3.2 Dodging
 + Level 9.9 Stealth


You had 7 spell levels left.
You didn't know any spells.
Your spell library contained the following spells:

 Spells                   Type           Power      Damage    Failure   Level
 Static Discharge         Conj/Air       0%         N/A       41%         2
 Lightning Bolt           Conj/Air       0%         1d11      100%        5
 Maxwell's Capacitive Co  Air            0%         ∞         100%        8


Dungeon Overview and Level Annotations

Branches:
Dungeon (6/15)
 Temple: D:4-7

Altars:
Dithmenos
Gozag
Kikubaaqudgha
Nemelex Xobeh
Uskayaw
Xom
Zin

Shops:
D:1 !

Annotations:
D:6 Duvessa


Innate Abilities, Weirdness & Mutations

You cannot wear most types of armour.
You are amphibious.
You can wear up to eight rings at the same time.
Your skin changes colour to match your surroundings (Stealth+).
Your rubbery body absorbs attacks. (AC +1, EV +1)
((You are camouflaged when in or above water. (Stealth+)))
You have tentacles for arms and can constrict up to eight enemies at once.


Message History

You constrict Dowan. Dowan gestures at you while chanting.
The puff of flame hits you. You resist.
You hit Dowan. You squeeze Dowan, but do no damage.
Dowan is severely wounded.
You constrict Dowan. Dowan hits you with a +0 dagger.
You hit Dowan. You squeeze Dowan.
Dowan is almost dead.
You constrict Dowan.
You kill Dowan!
Dithmenos accepts your kill.
Duvessa screams in rage.
Duvessa goes berserk!
You hit Duvessa. You grab Duvessa.
Duvessa is lightly wounded.
You constrict Duvessa, but do no damage.
Duvessa hits you with a +0 short sword!
You hit Duvessa but do no damage.
Duvessa is lightly wounded.
You constrict Duvessa. Duvessa hits you with a +0 short sword.
* * * LOW HITPOINT WARNING * * *
Okay, then.
You release your grip on Duvessa.
Duvessa barely misses you. Duvessa closely misses you.
A jelly comes into view.
Duvessa closely misses you.
The jelly quivers.
There is an escape hatch in the floor here.
You can't go up here!
Duvessa hits you with a +0 short sword!
* * * LOW HITPOINT WARNING * * *
You slide downwards.
The hatch slams shut behind you.
You hear the hiss of flowing sand.
There is an entrance to an ossuary on this level.
Hurry and find it before the portal is buried!
The shadow imp shouts!
You hear a shout!
Found an escape hatch in the floor.
You hit Duvessa. You grab Duvessa. You squeeze Duvessa!
Duvessa is moderately wounded.
You constrict Duvessa. Duvessa hits you with a +0 short sword.
You die...

#. ..#.
#..5.
#.....
#......
.h.....
###....>..
#e@......#
#.......##
###.....#
##...#
##.# #


You could see Duvessa (berserk, fast), a hound and a shadow imp.

Vanquished Creatures
  Grinder (D:5)
  Menkaure (D:5)
  An ice beast (D:5)
  A black bear (D:4)
  A phantom (D:4)
  2 scorpions
  Dowan (D:5)
  A bullfrog zombie (D:5)
  An orc priest (D:4)
  A killer bee zombie (D:5)
  A howler monkey skeleton (D:4)
  3 adders
  3 ufetubi
  2 worms
  2 dart slugs
  6 orcs
  3 bats (D:1)
  5 endoplasms
  2 giant cockroaches
  8 goblins
  10 hobgoblins
  2 jackals (D:3)
  7 quokkas
  11 ball pythons
  2 frilled lizards (D:1)
  3 kobolds
  4 rats
85 creatures vanquished.

Notes
Turn   | Place    | Note
-------+----------+-------------------------------------------
     0 | D:1      | Akaron the Octopode Brigand began the quest for the Orb.
     0 | D:1      | Reached XP level 1. HP: 14/14 MP: 1/1
     0 | D:1      | Noticed a tentacled monstrosity
     1 | D:1      | Noticed a purple draconian
     2 | D:1      | Noticed a green draconian
     4 | D:1      | Noticed an orb of fire
     4 | D:1      | Noticed a shadow dragon
     6 | D:1      | Noticed a tentacled monstrosity
     8 | D:1      | Noticed an iron dragon
     9 | D:1      | Noticed an ice dragon
    13 | D:1      | Noticed a tentacled monstrosity
    15 | D:1      | Noticed an ice dragon
    15 | D:1      | Noticed a shadow dragon
    15 | D:1      | Noticed a tentacled monstrosity
    17 | D:1      | Noticed an orb of fire
    17 | D:1      | Noticed an ice dragon
    19 | D:1      | Noticed a tentacled monstrosity
    21 | D:1      | Noticed a shadow dragon
   385 | D:1      | Reached XP level 2. HP: 16/19 MP: 2/2
   884 | D:1      | Found Sil Ceof's Distillery.
   973 | D:1      | Reached skill level 6 in Stealth
  1100 | D:1      | Reached XP level 3. HP: 19/24 MP: 3/3
  2435 | D:3      | Found a sparkling altar of Nemelex Xobeh.
  2443 | D:3      | Reached XP level 4. HP: 21/29 MP: 4/4
  2603 | D:3      | Found an ancient bone altar of Kikubaaqudgha.
  2617 | D:3      | Found a hide-covered altar of Uskayaw.
  3006 | D:3      | Found a shadowy altar of Dithmenos.
  3009 | D:3      | Found a shimmering altar of Xom.
  3017 | D:3      | Reached skill level 7 in Stealth
  3526 | D:3      | Found a glowing silver altar of Zin.
  3801 | D:3      | Became a worshipper of Dithmenos the Shadowed
  3903 | D:4      | Noticed a black bear
  3921 | D:4      | Killed a black bear
  3922 | D:4      | Reached XP level 5. HP: 35/35 MP: 5/5
  4187 | D:4      | Noticed a phantom
  4207 | D:4      | Killed a phantom
  4208 | D:4      | Reached skill level 8 in Stealth
  4208 | D:4      | Reached XP level 6. HP: 22/41 MP: 6/6
  4968 | D:4      | Found an opulent altar of Gozag.
  5806 | D:5      | Entered Level 5 of the Dungeon
  5806 | D:5      | Noticed Grinder
  5819 | D:5      | Killed Grinder
  5820 | D:5      | Reached skill level 9 in Stealth
  5820 | D:5      | Reached XP level 7. HP: 17/45 MP: 7/7
  6409 | D:5      | Noticed Menkaure
  6423 | D:5      | Killed Menkaure
  6440 | D:5      | Reached skill level 5 in Short Blades
  6440 | D:5      | Reached XP level 8. HP: 18/52 MP: 8/8
  6739 | D:5      | Noticed Dowan
  6743 | D:5      | Noticed Duvessa
  6748 | D:5      | Killed Dowan
  6754 | D:5      | HP: 1/52 [Duvessa (13)]
  6756 | D:6      | Slain by Duvessa

Illustrated notes

Levels and vault maps discovered:
D:1:      shiori_arrival_whats_in_store_for_you, layout_loops_ring,
          serial_shops, nicolae_shop_statue_plus
D:2:      layout_loops_corners, minmay_liquid_box
D:3:      layout_loops_corners, zin_academy, nicolae_overflow_squiral,
          eat_drink_and_be_merry_uskayaw, mainiacjoe_overflow_catwalk_spiral,
          minmay_misc_feat_more_columns, uniq_crazy_yiuf_cottage
D:4:      layout_layer_cave, mainiacjoe_overflow_surrounded_room,
          amcnicky_mini_pool_small
D:5:      layout_loops_ring, uniq_menkaure, uniq_grinder, uniq_duvessa
D:6:      hellmonk_crumbling_castle, layout_cave_pools,
          nicolae_ossuary_entry_ruins, ebering_ghost_reflecting_pool,
          serial_shops, kennysheep_mini, uniq_eustachio

Skill      XL: |  1  2  3  4  5  6  7 |
---------------+----------------------+-----
Stealth        | 6 7 8 9 |  9.9
Short Blades   | 3 4 5 |  5.3
Dodging        | 2 3 |  3.2
Fighting       | 3 |  3.3
Throwing       | 3 |  3.1

Action                   |  1- 3 |  4- 6 |  7- 9 || total
-------------------------+-------+-------+-------++-------
Melee: Dagger            |    69 |   101 |    52 ||   222
       Constrict         |    13 |    18 |     8 ||    39
       Tentacles         |     8 |    22 |    19 ||    49
       Punch             |       |     3 |     1 ||     4
Throw: Dart              |       |     9 |       ||     9
  Use: Scroll            |       |       |     5 ||     5
 Stab: Sleeping          |    14 |    13 |       ||    27
Armor: Skin              |     3 |     2 |     2 ||     7
Dodge: Dodged            |    23 |    47 |    25 ||    95
